 Dungeon Crawl Stone Soup version 0.19.0-2-gae57169 (webtiles) character file.

89 xeno23 the Magician (level 4, -2/24 HPs)
             Began as a Deep Elf Fire Elementalist on Nov 5, 2016.
             Killed by nerve-wracking pain
             ... invoked by Grinder
              (13 damage)
             ... on level 3 of the Dungeon.
             The game lasted 00:07:11 (2168 turns).

xeno23 the Magician (Deep Elf Fire Elementalist)    Turns: 2168, Time: 00:07:12

Health: -2/24      AC:  2    Str:  5    XL:     4   Next: 31%
Magic:  8/11       EV: 12    Int: 21    God:
Gold:   169        SH:  6    Dex: 15    Spells: 2 memorised, 6 levels left

rFire  . . .     SeeInvis .     k - +0 spear
rCold  . . .     Gourm    .     a - +0 robe
rNeg   . . .     Faith    .     j - +2 buckler
rPois  .         Spirit   .     (no helmet)
rElec  .         Reflect  .     (no cloak)
rCorr  .         Harm     .     (no gloves)
MR     .....                    (no boots)
Stlth  ++........               w - amulet of regeneration
                                (no ring)
                                (no ring)

@: very slightly contaminated
A: no striking features
a: no special abilities


You were on level 3 of the Dungeon.
You were not hungry.

You visited 1 branch of the dungeon, and saw 4 of its levels.

You collected 169 gold pieces.

Inventory:

Hand Weapons
 k - a +0 spear (weapon)
Armour
 a - a +0 robe (worn)
 j - a +2 buckler (worn)
Jewellery
 w - an amulet of regeneration (around neck)
Wands
 z - a wand of acid (2/15)
Scrolls
 d - a scroll of teleportation {unknown}
 e - 3 scrolls of enchant weapon {unknown}
 f - 3 scrolls of random uselessness {unknown}
 g - 2 scrolls of remove curse {unknown}
 l - a scroll of blinking {unknown}
 n - a scroll of fear {unknown}
 q - a scroll of noise {unknown}
 t - 2 scrolls of amnesia {unknown}
 u - a scroll of identify {unknown}
 y - a scroll of fog {unknown}
Potions
 i - a potion of degeneration {unknown}
 m - 3 potions of heal wounds {unknown}
 o - a potion of lignification {unknown}
 p - 2 potions of flight {unknown}
 r - a potion of might {unknown}
 s - a potion of curing {unknown}
Books
 b - a book of Flames

   Spells                             Type                      Level
   a - Flame Tongue                   Conjuration/Fire             1
   b - Throw Flame                    Conjuration/Fire             2
   c - Conjure Flame                  Conjuration/Fire             3
   d - Inner Flame                    Hexes/Fire                   3
   e - Sticky Flame                   Conjuration/Fire             4
   f - Fireball                       Conjuration/Fire             5
Comestibles
 c - 2 bread rations
 h - a slice of pizza
 x - a royal jelly


   Skills:
 - Level 2.4 Dodging
 - Level 2.4 Stealth
 * Level 1.6 Shields
 + Level 3.8 Spellcasting
 * Level 2.9 Conjurations
 * Level 3.6 Fire Magic


You had 6 spell levels left.
You knew the following spells:

 Your Spells              Type           Power        Failure   Level  Hunger
a - Flame Tongue          Conj/Fire      ###..        6%          1    None
d - Conjure Flame         Conj/Fire      ###.....     14%         3    ###....


Dungeon Overview and Level Annotations

Branches:
Dungeon (4/15)
 Temple: D:4-7

Altars:

Annotations:
D:3 Grinder


Message History

You are momentarily dazzled by a flash of light!
Unknown command.
You climb upwards.
Level annotation: Grinder Grinder says, "You look like you could use a good racking."
Grinder gestures at you.
You suddenly lose the ability to move!
Grinder hits you!
You writhe in agony.
You can move again.
There is a stone staircase leading down, spattered with blood here.
You take 13 damage.
Press: ? - help, v - describe, . - travel
Here: Grinder The floor.
Drop what? 25/52 slots (_ for help) (? for menu, Esc to quit)
Okay, then.
Grinder gestures at you. Pain shoots through your body!
Ouch! That really hurt!
You die...

....#####....##.#......##
###..........#.###.#####
#.##........## ##.#
#.##.......#.###.##
#.##.......##.....########
#.####...#.##.......[....######
#.# #...#.##.#.......##....5..
#.#####.##.##.#.#.###.#########
#.......##..#.@>5.# #.#
#######.###.###.### #.. #.#
#.##.#.# #### #.# #.#.# #.# #.#
#.## ## #.# #.# ..# ########.#
#.# #.# ##........# #.####.###
...######.###.........


You could see Grinder.

Vanquished Creatures
  2 adders
  A gnoll (D:1)
  An ooze (D:2)
  A dart slug (D:3)
  2 leopard geckos (D:2)
  An orc (D:3)
  A ball python (D:2)
  5 bats
  3 giant cockroaches
  6 hobgoblins
  8 jackals
  A quokka (D:3)
  5 frilled lizards
  3 goblins (D:2)
  5 kobolds
  4 rats
49 creatures vanquished.

Notes
Turn   | Place    | Note
-------+----------+-------------------------------------------
     0 | D:1      | xeno23 the Deep Elf Fire Elementalist began the quest for the Orb.
     0 | D:1      | Reached XP level 1. HP: 10/10 MP: 6/6
   276 | D:1      | Reached XP level 2. HP: 15/15 MP: 1/8
   522 | D:1      | Reached skill level 1 in Shields
   668 | D:2      | Reached XP level 3. HP: 19/19 MP: 6/9
   673 | D:2      | Learned a level 3 spell: Conjure Flame
  1294 | D:2      | Reached XP level 4. HP: 14/24 MP: 1/11
  2090 | D:3      | Noticed Grinder
  2106 | D:3      | Paralysed by Grinder for 3 turns
  2153 | D:4      | Noticed an ogre
  2165 | D:3      | Paralysed by Grinder for 3 turns
  2168 | D:3      | Killed from afar by Grinder

Skill      XL: |  1  2 |
---------------+-------+-----
Shields        | 1 |  1.6
Conjurations   | 2 |  2.9
Dodging        | |  2.4
Stealth        | |  2.4
Spellcasting   | |  3.8
Fire Magic     | |  3.6

Action                   |  1- 3 |  4- 6 || total
-------------------------+-------+-------++-------
Melee: Spear             |    28 |    18 ||    46
 Cast: Flame Tongue      |    52 |    32 ||    84
       Conjure Flame     |     1 |     1 ||     2
 Stab: Sleeping          |       |     3 ||     3
  Eat: Chunk             |     1 |     3 ||     4
Armor: Robe              |    20 |     6 ||    26
Dodge: Dodged            |    48 |    17 ||    65
Block: Buckler           |    24 |     7 ||    31
